 Dungeon Crawl Stone Soup version 0.31-a0-1068-g5939ac1fb6 (webtiles) character file.

Game seed: 18139925971754193219

188 kae the Firebug (level 5, 0/28 HPs)
             Began as a Deep Elf Fire Elementalist on Nov 23, 2023.
             Slain by an adder (3 damage)
             ... on level 4 of the Dungeon.
             The game lasted 00:02:16 (2993 turns).

kae the Firebug (Deep Elf Fire Elementalist)        Turns: 2993, Time: 00:02:17

Health: 0/28       AC:  5    Str:  5    XL:     5   Next: 39%
Magic:  7/13       EV: 11    Int: 22    God:
Gold:   158        SH:  0    Dex: 15    Spells: 7/13 levels left

rFire   . . .        h - +0 short sword (holy)
rCold   . . .        (no shield)
rNeg    . . .        c - +0 leather armour
rPois   .            (no helmet)
rElec   .            f - +0 cloak
rCorr   .            i - +0 pair of gloves
SInv    .            (no boots)
Will    .....        g - amulet of regeneration
Stlth   ++           (no ring)
HPRegen 1.04/turn    (no ring)
MPRegen 0.13/turn

%: no passive effects
@: no status effects
A: no striking features
a: no special abilities


You were on level 4 of the Dungeon.
You visited 1 branch of the dungeon, and saw 4 of its levels.

You collected 158 gold pieces.


   Skills:
 - Level 2.4 Dodging
 - Level 2.4 Stealth
 + Level 4.6 Spellcasting
 + Level 2.9 Conjurations
 * Level 5.3 Fire Magic


You had 7 spell levels left.
You knew the following spells:

 Your Spells              Type           Power      Damage    Failure   Level
a - Foxfire               Conj/Fire      92%        2x1d8     3%          1
b - Scorch                Fire           56%        2d7       3%          2
c - Inner Flame           Hex/Fire       16%        N/A       19%         3

Your spell library contained the following spells:

 Spells                   Type           Power      Damage    Failure   Level
 Apportation              Tloc           10%        N/A       19%         1
 Necrotise                Necr           20%        1d5       19%         1
 Summon Small Mammal      Summ           20%        N/A       19%         1
 Volatile Blastmotes      Fire/Tloc      32%        2d12      19%         3
 Flame Wave               Conj/Fire      23%        2d8       32%         4
 Vampiric Draining        Necr           5%         2d6       47%         3
 Agony                    Necr           5%         N/A       99%         5

Inventory:

Hand Weapons
 h - a +0 short sword of holy wrath (weapon)
   (You took it off a kobold on level 1 of the Dungeon)
Missiles
 d - 40 stones
Armour
 a - a +0 robe
 c - a +0 leather armour (worn)
   (You found it on level 1 of the Dungeon)
 f - a +0 cloak (worn)
   (You found it on level 1 of the Dungeon)
 i - a +0 pair of gloves (worn)
   (You found it on level 2 of the Dungeon)
Magical Staves
 l - a staff of conjuration {!a}
   (You found it on level 4 of the Dungeon)
 p - a staff of death {!a}
   (You found it on level 3 of the Dungeon)
Jewellery
 g - an amulet of regeneration (around neck)
   (You found it on level 1 of the Dungeon)
Wands
 j - a wand of flame (28)
   (You found it on level 2 of the Dungeon)
 o - a wand of paralysis (8)
   (You found it on level 3 of the Dungeon)
Potions
 b - a potion of magic
 e - a potion of haste {@q3}
 k - a potion of invisibility {unknown}
 n - a potion of cancellation {unknown}
 q - a potion of enlightenment

Dungeon Overview and Level Annotations

Branches:
Dungeon (4/15) Zot: 21003
 Temple: D:4-7

Altars:
Gozag

Annotations:
D:4 Edmund

.......#..#...# .. ♣P
.......##...### ♣♣.♣♣
♣.♣♣. .......##....#
.... ...P.
.......##....##
...♣♣.P...
....######....#
.PP....# ....# #....#
###.....### #####
####.######.<........
## #
#..§........#.### ...
# ####@@......#.#
#.## #
#.S......#.###.... #
#...[##.>@.....# # #
#....##........#.# #
#....##......###.#
#######......#....
#......#####
#....#.≈≈≈≈≈
######.#####


You could see Edmund and an adder.


Message History

There is a stone staircase leading down here.
You climb downwards.
Level annotation: Edmund
There is a stone staircase leading up here.
Found an escape hatch in the ceiling.
A quokka comes into view.
The quokka moves out of view.
A quokka is nearby!
A quokka is nearby!
A quokka is nearby!
Casting: Foxfire (safe; 3% risk of failure)
Confirm with . or Enter, or press ? or * to list all spells.
Flames lash the quokka.
You kill the quokka! 😎 MP[-2]
You lost 2 mp, and now have 11/13 mp.
Key pressed, stopping explore.
Casting: Scorch (safe; 3% risk of failure)
Confirm with . or Enter, or press ? or * to list all spells.
You can't see any susceptible monsters within range! (Use Z to cast anyway.) 😎 MP[+2]
Your mp is fully restored (13).
Edmund is nearby!
Edmund is nearby!
Edmund is nearby!
Casting: Scorch (safe; 3% risk of failure)
Confirm with . or Enter, or press ? or * to list all spells.
You conjure some foxfire!
Edmund shouts!
The foxfire hits Edmund.
Casting: Foxfire (safe; 3% risk of failure)
Confirm with . or Enter, or press ? or * to list all spells.
You conjure some foxfire!
The foxfire hits Edmund but does no damage.
The foxfire hits Edmund.
The foxfire hits Edmund but does no damage.
Unknown command.
Casting: Foxfire (safe; 3% risk of failure)
Confirm with . or Enter, or press ? or * to list all spells.
You conjure some foxfire!
The foxfire hits Edmund. x2
An adder comes into view. 😎 MP[-3]
You lost 3 mp, and now have 10/13 mp.
Unknown command.
You aren't carrying any scrolls.
Unknown command.
Okay, then.
Hit: h) +0 short sword (holy)
Press: ? - help, Dir - move target, f - Edmund
Aim: Edmund, wielding a +4 heavy flail and wearing a +0 ring mail (moderately wounded, about 36% to evade your +0 short sword of holy wrath)
Okay, then.
Aiming: Paralyse
Press: ? - help, Shift-Dir - straight line, f - Edmund
Aim: Edmund, wielding a +4 heavy flail and wearing a +0 ring mail (moderately wounded, chance to affect: 49%) Edmund suddenly stops moving!
The adder hisses angrily. 😎 MP[+1]
Casting: Foxfire (safe; 3% risk of failure)
Confirm with . or Enter, or press ? or * to list all spells.
You conjure some foxfire!
The foxfire hits Edmund.
The foxfire hits Edmund but does no damage. 😎 MP[-1]
You lost 1 mp, and now have 10/13 mp.
Casting: Foxfire (safe; 3% risk of failure)
Confirm with . or Enter, or press ? or * to list all spells.
You conjure some foxfire!
The foxfire hits the adder but does no damage.
The foxfire hits Edmund but does no damage.
The adder bites you. 😕 HP[-1] MP[-1]
You take 1 damage, and now have 27/28 hp.
You lost 1 mp, and now have 9/13 mp.
Casting: Foxfire (safe; 3% risk of failure)
Confirm with . or Enter, or press ? or * to list all spells.
You conjure some foxfire!
The adder bites you.
The foxfire hits Edmund but does no damage.
The foxfire hits Edmund.
The adder bites you but does no damage.
The adder barely misses you. 😕 HP[-1] MP[-1]
You take 1 damage, and now have 26/28 hp.
You lost 1 mp, and now have 8/13 mp.
Casting: Foxfire (safe; 3% risk of failure)
Confirm with . or Enter, or press ? or * to list all spells.
You conjure some foxfire!
The adder closely misses you.
The foxfire hits Edmund!
The foxfire hits Edmund.
The adder barely misses you. 😎 HP[+2]
Your hp is fully restored (28).
Unknown command.
Casting: Foxfire (safe; 3% risk of failure)
Confirm with . or Enter, or press ? or * to list all spells.
You conjure some foxfire!
Edmund is no longer paralysed.
The adder barely misses you. Edmund hits you with a +4 heavy flail.
The adder closely misses you.
The foxfire hits Edmund. x2; Edmund hits you with a +4 heavy flail!!
Ouch! That really hurt!
* * * LOW HITPOINT WARNING * * *
The adder bites you.
You die...

Skill      XL: |  1  2  3  4 |
---------------+-------------+-----
Fire Magic     | 4 5 |  5.3
Conjurations   | 2 |  2.9
Spellcasting   | 4 |  4.6
Dodging        | |  2.4
Stealth        | |  2.4

Action                     |  1- 3 |  4- 6 || total
---------------------------+-------+-------++-------
  Melee: Short sword       |     1 |     2 ||     3
   Cast: Foxfire           |    69 |    36 ||   105
         Scorch            |     4 |     9 ||    13
  Evoke: Wand              |       |     1 ||     1
    Use: Scroll            |     2 |     2 ||     4
   Stab: Sleeping          |     1 |       ||     1
 Armour: Leather armour    |    16 |    20 ||    36
  Dodge: Dodged            |    16 |    11 ||    27

Levels and vault maps discovered:
D:1:      dpeg_arrival_rooms_a, layout_basic, nicolae_ecumenical_snake_handling,
          minmay_bisected
D:2:      layout_basic, basic_altar
D:3:      layout_basic
D:4:      layout_basic, serial_forest, infiniplex_forest_clump_cross,
          infiniplex_forest_lined_room_3, infiniplex_forest_straight_5,
          infiniplex_forest_clump_diagonal, infiniplex_forest_lined_corner,
          infiniplex_forest_corner_1, grunt_decor_cap, uniq_edmund

Notes
Turn   | Place    | Note
-------+----------+-------------------------------------------
     0 | D:1      | kae the Deep Elf Fire Elementalist began the quest for the
                  | Orb.
     0 | D:1      | Reached XP level 1. HP: 10/10 MP: 6/6
     0 | D:1      | magus.rc [v1.11.3]
   188 | D:1      | You pick up a book of Cantrips and begin reading...
   188 | D:1      | You add the spells Necrotise, Summon Small Mammal and
                  | Apportation to your library.
   198 | D:1      | Found a faded altar of an unknown god.
   205 | D:1      | Reached XP level 2. HP: 7/15 MP: 4/8
   375 | D:1      | Learned a level 2 spell: Scorch
   461 | D:1      | Reached skill level 4 in Fire Magic
   579 | D:1      | Reached XP level 3. HP: 19/19 MP: 8/10
   583 | D:1      | Learned a level 3 spell: Inner Flame
  1045 | D:2      | Found an opulent altar of Gozag.
  1301 | D:2      | Identified the +0 pair of boots "Usiuxt" {rC++ rN+ Will+
                  | Dex-5}
  1312 | D:2      | You pick up a book of Necromancy and begin reading...
  1312 | D:2      | You add the spells Vampiric Draining and Agony to your
                  | library.
  1386 | D:2      | Reached skill level 2 in Conjurations
  1869 | D:2      | Reached skill level 4 in Spellcasting
  1869 | D:2      | Reached XP level 4. HP: 22/24 MP: 4/12
  1918 | D:3      | HP: 5/24 [gnoll/+0 flail (8)]
  1919 | D:3      | HP: 2/24 [gnoll/+0 flail (4)]
  2111 | D:3      | Noticed a phantom
  2129 | D:3      | Killed a phantom
  2130 | D:3      | Reached skill level 5 in Fire Magic
  2130 | D:3      | Reached XP level 5. HP: 24/28 MP: 3/13
  2730 | D:4      | Noticed Edmund
  2993 | D:4      | HP: 3/28 [Edmund/+4 heavy flail (20)]
  2993 | D:4      | Slain by an adder

Vanquished Creatures
  A phantom (D:3)
  3 gnolls
  A shadow imp (D:3)
  2 worms
  2 dart slugs
  3 orcs (D:3)
  9 ball pythons
  3 bats
  7 endoplasms
  5 giant cockroaches
  2 goblins (D:1)
  4 hobgoblins
  3 jackals (D:2)
  2 quokkas
  A frilled lizard (D:3)
  4 kobolds
  8 rats
60 creatures vanquished.

Vanquished Creatures (others)
  177 foxfires
177 creatures vanquished.

Grand Total: 237 creatures vanquished

Table legend:
 A = Non-vault XP
 B = Vault XP
 C = Vault XP percentage of total XP
 D = Non-vault monster count
 E = Vault monster count
 F = Vault count percentage of total count
                 A         B        C        D         E       F
            +---------+---------+-------+---------+---------+-------
      Total |     256 |      13 |   4.8 |      53 |       7 |  11.7
            +---------+---------+-------+---------+---------+-------
        D:1 |      34 |      13 |  27.7 |      21 |       7 |  25.0
        D:2 |      40 |       0 |   0.0 |      13 |       0 |   0.0
        D:3 |     171 |       0 |   0.0 |      15 |       0 |   0.0
        D:4 |      11 |       0 |   0.0 |       4 |       0 |   0.0
            +---------+---------+-------+---------+---------+-------

Skill      XL: |  1  2  3  4 |
---------------+-------------+-----
Fire Magic     | 4 5 |  5.3
Conjurations   | 2 |  2.9
Spellcasting   | 4 |  4.6
Dodging        | |  2.4
Stealth        | |  2.4

Action                     |  1- 3 |  4- 6 || total
---------------------------+-------+-------++-------
  Melee: Short sword       |     1 |     2 ||     3
   Cast: Foxfire           |    69 |    36 ||   105
         Scorch            |     4 |     9 ||    13
  Evoke: Wand              |       |     1 ||     1
    Use: Scroll            |     2 |     2 ||     4
   Stab: Sleeping          |     1 |       ||     1
 Armour: Leather armour    |    16 |    20 ||    36
  Dodge: Dodged            |    16 |    11 ||    27

Illustrated notes

Table legend:
 A = Kills in this place as a percentage of kills in the entire game.
 B = Kills by you in this place as a percentage of kills by you in the entire game.
 C = Kills by friends in this place as a percentage of kills by friends in the entire game.
 D = Other kills in this place as a percentage of other kills in the entire game.
 E = Experience gained in this place as a percentage of experience gained in the entire game.
 F = Experience gained in this place divided by the number of levels of this place that you have seen.
                   A       B       C       D       E      F
               +-------+-------+-------+-------+-------+----------------------
         Total | 100.0 | 100.0 |   N/A |   N/A | 100.0 |  67.2
       Dungeon | 100.0 | 100.0 |   N/A |   N/A | 100.0 |  67.2
               +-------+-------+-------+-------+-------+----------------------

Table legend: (Time is in decaauts)
 A = Elapsed time spent in this place.
 B = Non-inter-level travel time spent in this place.
 C = Inter-level travel time spent in this place.
 D = Time resting spent in this place.
 E = Time spent auto-exploring this place.
 F = Levels seen in this place.
 G = Mean time per level.
                   A        B        C        D        E       F      G
               +--------+--------+--------+--------+--------+-----+--------+
         Total |   2995 |   2795 |    200 |      9 |   2291 |   4 |  748.8 |
       Dungeon |   2995 |   2795 |    200 |      9 |   2291 |   4 |  748.8 |
               +--------+--------+--------+--------+--------+-----+--------+

Top non-repeatable levels by time:
     D:1: 942 daAuts
     D:3: 932 daAuts
     D:2: 915 daAuts
     D:4: 205 daAuts
